 Dungeon Crawl Stone Soup version 0.32-a0-815-g315f82d515 (webtiles) character file.

Game seed: 4699141095785906316

1183 Ajdolov the Cudgeller (level 8, -1/45 HPs)
             Began as a Vine Stalker Fighter on Mar 23, 2024.
             Was an Initiate of Gozag.
             Slain by an ogre
             ... wielding a +0 giant club
              (9 damage)
             ... on level 5 of the Dungeon.
             The game lasted 00:06:31 (3664 turns).

Ajdolov the Cudgeller (Vine Stalker Fighter)        Turns: 3664, Time: 00:06:32

Health: -1/45      AC: 15    Str: 24    XL:     8   Next: 42%
Magic:  0/9        EV:  5    Int: 11    God:    Gozag
Gold:   285        SH:  0    Dex: 14    Spells: 7/7 levels left

rFire   . . .        x - +2 flail (holy)
rCold   . . .        (no shield)
rNeg    . . .        b - +0 plate armour
rPois   .            v - +1 helmet {Int+3}
rElec   .            (no cloak)
rCorr   .            w - +1 pair of gloves {Str+3}
SInv    +            (no boots)
Will    +....        j - amulet of magic regeneration Stlth
                     u - ring of see invisible
HPRegen 1.07/turn    (no ring)
MPRegen 0.51/turn

%: guardian spirit
@: mighty, gold aura, studying Fighting
A: fangs 3, regeneration 1, magic shield, antimagic bite, no potion heal 2
a: Renounce Religion, Potion Petition, Call Merchant, Bribe Branch


You were on level 5 of the Dungeon.
You worshipped Gozag.
Gozag was aware of your devotion.
You visited 1 branch of the dungeon, and saw 5 of its levels.

You collected 615 gold pieces.
You spent 330 gold pieces at shops.

Inventory:

Hand Weapons
 x - a +2 flail of holy wrath (weapon)
Armour
 b - a +0 plate armour (worn)
 c - a +0 buckler
 v - a +1 helmet of intelligence (worn)
 w - a +1 pair of gloves of strength (worn)
Jewellery
 j - an amulet of magic regeneration (around neck)
 u - a ring of see invisible (left hand)
Wands
 a - a wand of warping (10)
 r - a wand of mindburst (17)
Scrolls
 e - 10 scrolls of identify {unknown}
 f - a scroll of enchant armour {unknown}
 i - a scroll of enchant weapon {unknown}
 k - a scroll of amnesia {unknown}
 m - a scroll of revelation {unknown}
 p - a scroll of immolation {unknown}
 s - 3 scrolls of fog {unknown}
 t - a scroll of noise {unknown}
Potions
 d - a potion of might
 g - 3 potions of attraction {unknown}
 h - 2 potions of magic {unknown}
 l - 2 potions of mutation {unknown}
 n - a potion of brilliance {unknown}
 o - 4 potions of heal wounds {unknown}
 q - a potion of enlightenment {unknown}


   Skills:
 + Level 6.8 Fighting
 + Level 7.4 Maces & Flails
 - Level 2.4 Armour
 - Level 2.6 Shields


You had 7 spell levels left.
You didn't know any spells.
Your spell library contained the following spells:

 Spells                   Type           Power      Damage    Failure   Level
 Sandblast                Erth           0%         2d4       100%        1
 Cigotuvi's Dreadful Rot  Necr/Alch/Air  0%         N/A       100%        2
 Sublimation of Blood     Necr           0%         N/A       100%        2
 Fugue of the Fallen      Necr           0%         N/A       100%        3
 Ozocubu's Armour         Ice            0%         N/A       100%        3
 Stone Arrow              Conj/Erth      0%         3d7       100%        3
 Brom's Barrelling Bould  Conj/Erth      0%         2d3       100%        4
 Dispel Undead            Necr           0%         3d6       100%        4
 Manifold Assault         Tloc           0%         N/A       100%        4
 Martyr's Knell           Necr/Summ      0%         N/A       100%        4
 Petrify                  Alch/Erth      0%         N/A       100%        4
 Irradiate                Conj/Alch      0%         3d11      100%        5


Dungeon Overview and Level Annotations

Branches:
Dungeon (5/15)             Temple (0/1) D:5

Altars:
Dithmenos
Gozag
Yredelemnul

Shops:
D:1 [:


Innate Abilities, Weirdness & Mutations

You have razor-sharp teeth.
Your natural rate of healing is unusually fast.
When hurt, damage is shared between your health and your magic reserves.
Your bite disrupts and absorbs the magic of your enemies.
Potions cannot restore your health.


Message History

The scorpion barely misses you.
You closely miss the scorpion.
The scorpion is severely wounded.
The scorpion stings you.
You sock the scorpion!
You kill the scorpion!
You now have 285 gold pieces (gained 3).
Found 4 stones.
You pick up a book of Battle and begin reading...
You add the spells Fugue of the Fallen, Ozocubu's Armour and Manifold Assault to your library.
An ogre comes into view. It is wielding a +0 giant club.
The ogre shouts!
An ogre comes into view. It is wielding a +0 giant club.
Found 5 stones, the +6 shillelagh "Devastator" {shatter} and 3 large rocks.
The ogre shouts!
You hit the ogre. You bite the ogre! You drain its power.
The ogre is moderately wounded.
The ogre hits you with a +0 giant club!
You barely miss the ogre.
The ogre is moderately wounded.
The ogre barely misses you.
You completely miss the ogre. You bite the ogre! You drain its power.
You feel invigorated.
The ogre is heavily wounded.
You completely miss the ogre.
The ogre is heavily wounded.
A sleepcap comes into view.
The ogre hits you with a +0 giant club!
You sock the ogre!
The ogre is almost dead.
The ogre hits you with a +0 giant club!
You thump the ogre!
You kill the ogre!
The ogre attacks as it pursues you! The ogre hits you with a +0 giant club!
* * * LOW HITPOINT WARNING * * *
Unknown command.
You feel very mighty all of a sudden. The ogre hits you with a +0 giant club!
You die...
Your body crumbles into a pile of gold.

###.###.#.## #.. ....#
##.#.# #.# ###.# #.#.## #.#
( ###.####.#.###.# .ß
.......####....## O.(
.......# #.....# )..(
.#.....####.....# ..(..
#...............#####.ß.ß.#
##...#...###....@Of...(...(
#.....# ##.########.#.ß#
###### #.# #.# #+#


You could see an ogre and a sleepcap.

Vanquished Creatures
  An orc warrior (D:3)
  3 black bears
  A centaur (D:4)
  2 ogres
  A kobold brigand (D:4)
  2 scorpions
  An orc priest (D:4)
  3 hounds
  An iguana (D:4)
  Natasha (thrice) (D:2)
  An orc wizard (D:3)
  9 adders
  A dart slug (D:4)
  3 orcs
  4 bats (D:2)
  11 endoplasms
  2 giant cockroaches
  3 hobgoblins
  9 kobolds
  A quokka (D:1)
  5 ball pythons
  3 frilled lizards
  3 goblins
  5 rats
78 creatures vanquished.

Notes
Turn   | Place    | Note
-------+----------+-------------------------------------------
     0 | D:1      | Ajdolov the Vine Stalker Fighter began the quest for the
                  | Orb.
     0 | D:1      | Reached XP level 1. HP: 11/11 MP: 2/2
   233 | D:1      | Reached XP level 2. HP: 11/16 MP: 3/3
   352 | D:1      | Found Geliamp's Book Shoppe.
   502 | D:1      | Found Xicse's Armour Shoppe.
   835 | D:2      | Found a faded altar of an unknown god.
   843 | D:2      | Prayed at the altar of an unknown god.
   843 | D:2      | Became a worshipper of Gozag Ym Sagoz the Greedy
   964 | D:2      | Noticed Natasha
   973 | D:2      | Killed Natasha
   974 | D:2      | Reached XP level 3. HP: 16/21 MP: 1/4
   975 | D:2      | Noticed Natasha
   984 | D:2      | Killed Natasha
   985 | D:2      | Reached XP level 4. HP: 20/26 MP: 0/5
  1003 | D:2      | Noticed Natasha
  1018 | D:2      | Killed Natasha
  1067 | D:2      | Reached skill level 5 in Fighting
  1129 | D:2      | Reached XP level 5. HP: 30/30 MP: 6/6
  1149 | D:2      | Reached skill level 2 in Maces & Flails
  1392 | D:3      | Found a basalt altar of Yredelemnul.
  2319 | D:1      | Bought a +1 helmet of intelligence for 165 gold pieces
  2319 | D:1      | Bought a +1 pair of gloves of strength for 165 gold pieces
  2428 | D:3      | Reached skill level 3 in Maces & Flails
  2491 | D:4      | Reached XP level 6. HP: 35/35 MP: 7/7
  2499 | D:4      | Found a shadowy altar of Dithmenos.
  2527 | D:4      | Noticed a black bear
  2542 | D:4      | Killed a black bear
  2543 | D:4      | Reached skill level 4 in Maces & Flails
  2798 | D:4      | Reached skill level 5 in Maces & Flails
  2798 | D:4      | Reached XP level 7. HP: 22/39 MP: 5/8
  2928 | D:3      | Reached skill level 6 in Maces & Flails
  3196 | D:5      | Entered Level 5 of the Dungeon
  3558 | D:5      | Found a staircase to the Ecumenical Temple.
  3588 | D:5      | Gained mutation: You have razor-sharp teeth. [Vine Stalker
                  | growth]
  3588 | D:5      | Reached XP level 8. HP: 30/44 MP: 7/9
  3602 | D:5      | Reached skill level 7 in Maces & Flails
  3651 | D:5      | Found the +6 shillelagh "Devastator" {shatter}
  3664 | D:5      | Slain by an ogre

Illustrated notes

Levels and vault maps discovered:
D:1:      dpeg_arrival_oval, layout_basic, serial_shops, shop,
          nicolae_shop_waterfront
D:2:      layout_basic, hellmonk_ecumenical_altar_run_dry, uniq_natasha
D:3:      layout_basic, overflow_temple_1_default, minmay_tree_intersection
D:4:      layout_gridville, grunt_dithmenos_smoke_and_mirrors,
          hangedman_abyss_or_decor_lesser_grid, minmay_manual_monstrance
D:5:      layout_loops_corners, temple_pool_b, minivault_24,
          dilly_guarded_unrand_devastator, uniq_ijyb

Skill      XL: |  1  2  3  4  5  6  7  8 |
---------------+-------------------------+-----
Fighting       | 3 4 5 6 |  6.8
Maces & Flails | 3 5 6 7 |  7.4
Armour         | |  2.4
Shields        | |  2.6

Action                     |  1- 3 |  4- 6 |  7- 9 || total
---------------------------+-------+-------+-------++-------
  Melee: Flail             |    51 |   123 |    72 ||   246
         Bite              |    13 |    33 |    25 ||    71
  Evoke: Wand              |       |       |     1 ||     1
    Use: Potion            |       |     1 |     1 ||     2
 Armour: Scale mail        |    58 |   109 |       ||   167
         Leather armour    |       |    20 |    34 ||    54
         Plate armour      |       |       |   107 ||   107
  Dodge: Dodged            |    22 |    77 |    54 ||   153

Table legend: (Time is in decaauts)
 A = Elapsed time spent in this place.
 B = Non-inter-level travel time spent in this place.
 C = Inter-level travel time spent in this place.
 D = Time resting spent in this place.
 E = Time spent auto-exploring this place.
 F = Levels seen in this place.
 G = Mean time per level.
                   A        B        C        D        E       F      G
               +--------+--------+--------+--------+--------+-----+--------+
         Total |   3723 |   3365 |    358 |      5 |   2538 |   5 |  744.6 |
       Dungeon |   3723 |   3365 |    358 |      5 |   2538 |   5 |  744.6 |
               +--------+--------+--------+--------+--------+-----+--------+

Top non-repeatable levels by time:
     D:3: 1031 daAuts
     D:1: 857 daAuts
     D:4: 767 daAuts
     D:2: 665 daAuts
     D:5: 401 daAuts
